 Dungeon Crawl Stone Soup version 0.20.1-1-g8b1a95d (webtiles) character file.

52 potam12345 the Grave Robber (level 3, 0/24 HPs)
             Began as a Vampire Necromancer on July 16, 2017.
             Slain by an adder (2 damage)
             ... on level 2 of the Dungeon.
             The game lasted 00:10:16 (1536 turns).

potam12345 the Grave Robber (Vampire Necromancer)   Turns: 1536, Time: 00:10:16

Health: 0/24       AC:  3    Str:  7    XL:     3   Next: 60%
Magic:  0/7        EV: 12    Int: 18    God:
Gold:   41         SH:  0    Dex: 14    Spells: 2/7 levels left

rFire    . . .     SeeInvis +   j - +0 short sword
rCold    + . .     Gourm    .   (no shield)
rNeg     + + .     Faith    .   i - +0 leather armour
rPois    +         Spirit   .   (no helmet)
rElec    .         Reflect  .   (no cloak)
rCorr    .         Harm     .   (no gloves)
MR       .....                  (no boots)
Stlth    +++.......             (no amulet)
Regen    0.1/turn               (no ring)
MPRegen  0.1/turn               (no ring)

@: regenerating slowly
A: fangs 3, see invisible, unbreathing
a: Bat Form


You were on level 2 of the Dungeon.
You were very thirsty.

You visited 1 branch of the dungeon, and saw 2 of its levels.

You collected 41 gold pieces.

Inventory:

Hand Weapons
 j - a +0 short sword (weapon)
 m - a +0 dagger
Armour
 a - a +0 robe
 d - a +0 scale mail
 i - a +0 leather armour (worn)
Scrolls
 e - 2 scrolls of remove curse {unknown}
 g - 2 scrolls of enchant armour {unknown}
 l - a scroll of identify {unknown}
Potions
 c - 3 potions of blood
 k - a potion of curing {unknown}
 n - a potion of berserk rage {unknown}
 p - a potion of invisibility {unknown}
Books
 b - a book of Necromancy

   Spells                             Type                      Level
   a - Pain                           Necromancy                   1
   b - Animate Skeleton               Necromancy                   1
   c - Vampiric Draining              Necromancy                   3
   d - Regeneration                   Charms/Necromancy            3
   e - Animate Dead                   Necromancy                   4
   f - Control Undead                 Necromancy                   4
Comestibles
 f - a bread ration
 h - 2 meat rations
 o - a royal jelly


   Skills:
 + Level 2.4 Dodging
 + Level 3.0 Stealth
 + Level 2.7 Spellcasting
 + Level 5.2 Necromancy


You had 2 spell levels left.
You knew the following spells:

 Your Spells              Type           Power        Failure   Level  Hunger
a - Pain                  Necr           ###.         3%          1    #......
b - Animate Skeleton      Necr           N/A          3%          1    #......
c - Vampiric Draining     Necr           ###.......   9%          3    ###....


Dungeon Overview and Level Annotations

Branches:
Dungeon (2/15)

Altars:


Innate Abilities, Weirdness & Mutations

You heal slowly.
You have razor-sharp teeth.
You have supernaturally acute eyesight. (SInv)
You can survive without breathing.


Message History

You see here a stone.
Found 6 gold pieces.
The rat bites you but does no damage.
Casting: Pain
Confirm with . or Enter, or press ? or * to list all spells.
Aiming: Pain
Press: ? - help, Shift-Dir - straight line, f - rat
Aim: a rat (chance to defeat MR: 91%)
The rat writhes in agony!
You kill the rat!
The adder bites you.
* * * LOW HITPOINT WARNING * * *
You see here 6 gold pieces.
Casting: Pain
Confirm with . or Enter, or press ? or * to list all spells.
Aiming: Pain
Press: ? - help, Shift-Dir - straight line, f - adder
Aim: an adder (chance to defeat MR: 86%)
The adder writhes in agony!
The adder bites you.
You die...

####### #...)<#
#.#####
#############.#
#.............#
#.###########.# #.#
#.# #.###
###########.# #...#
#...S@......#
###.#####.###########
#...#...# ###.#(###
##..(.# # #((...#
#.####.##.##
#...†..##...
#[.....##.....


You could see an adder.

Vanquished Creatures
  A leopard gecko (D:1)
  2 giant cockroaches (D:1)
  5 goblins (D:1)
  5 hobgoblins
  8 jackals
  A quokka (D:2)
  4 bats
  6 frilled lizards
  7 kobolds (D:1)
  7 rats
46 creatures vanquished.

Vanquished Creatures (collateral kills)
  A kobold (D:1)
1 creature vanquished.

Grand Total: 47 creatures vanquished

Notes
Turn   | Place    | Note
-------+----------+-------------------------------------------
     0 | D:1      | potam12345 the Vampire Necromancer began the quest for the Orb.
     0 | D:1      | Reached XP level 1. HP: 13/13 MP: 3/3
    17 | D:1      | Learned a level 1 spell: Animate Skeleton
   258 | D:1      | Reached XP level 2. HP: 16/19 MP: 0/5
   597 | D:1      | Reached skill level 5 in Necromancy
   764 | D:1      | Reached XP level 3. HP: 15/24 MP: 0/6
  1182 | D:1      | Learned a level 3 spell: Vampiric Draining
  1536 | D:2      | Slain by an adder

Skill      XL: |  1  2 |
---------------+-------+-----
Necromancy     | 5 |  5.2
Dodging        | |  2.4
Stealth        | |  3.0
Spellcasting   | |  2.7

Action                   || total
-------------------------++-------
Melee: Short sword       ||     8
       Unarmed           ||     2
 Cast: Pain              ||    63
       Animate Skeleton  ||    11
  Eat: Corpse            ||     1
Armor: Robe              ||    10
       Leather armour    ||     1
Dodge: Dodged            ||    16
